 Seeded DCSS version 0.27-a0-1060-gcb85b5eba1 (webtiles) character file.

Game seed: 20210421 (custom seed)

53 Snicker the Sneak (level 3, -3/27 HPs)
             Began as a Demonspawn Brigand on Apr 21, 2021.
             Slain by a crimson imp (4 damage)
             ... summoned by Natasha
             ... on level 2 of the Dungeon.
             The game lasted 00:01:35 (1224 turns).

Snicker the Sneak (Demonspawn Brigand)              Turns: 1224, Time: 00:01:36

Health: -3/27      AC:  3    Str: 11    XL:     3   Next: 62%
Magic:  3/3        EV: 12    Int: 12    God:
Gold:   20         SH:  4    Dex: 15    Spells: 2/2 levels left

rFire    + . .     SeeInvis .   a - +1 dagger (elec)
rCold    . . .     Faith    .   (no shield)
rNeg     . . .     Spirit   .   b - +0 robe
rPois    .         Reflect  .   (no helmet)
rElec    .         Harm     .   c - +0 cloak
rCorr    .         Rampage  .   (no gloves)
Will     .....                  (no boots)
Stlth    +++.......             (no amulet)
HPRegen  0.09/turn              j - ring of protection from fire
MPRegen  0.08/turn              (no ring)

@: flying
A: condensation shield
a: no special abilities


You were on level 2 of the Dungeon.
You visited 1 branch of the dungeon, and saw 2 of its levels.

You collected 20 gold pieces.

Inventory:

Hand Weapons
 a - a +1 dagger of electrocution (weapon)
 g - a +2 dagger
Missiles
 d - 31 poisoned darts (quivered)
 e - 2 curare-tipped darts
Armour
 b - a +0 robe (worn)
 c - a +0 cloak (worn)
Jewellery
 j - a ring of protection from fire (left hand)
Scrolls
 h - 4 scrolls of magic mapping {unknown}
 i - a scroll of fear {unknown}
 l - 2 scrolls of identify {unknown}
Potions
 f - a potion of flight
 k - a potion of mutation {unknown}
 m - a potion of brilliance {unknown}


   Skills:
 + Level 2.1 Fighting
 * Level 2.1 Short Blades
 + Level 1.7 Throwing
 * Level 1.2 Dodging
 * Level 4.7 Stealth


You had 2 spell levels left.
You didn't know any spells.
Your spell library contained the following spells:

 Spells                   Type           Power      Damage    Failure   Level
 Beastly Appendage        Tmut           0%         N/A       32%         1
 Wereblood                Tmut           0%         N/A       45%         2
 Spider Form              Tmut/Pois      0%         N/A       69%         3
 Ice Form                 Ice/Tmut       0%         N/A       97%         4
 Hydra Form               Tmut           0%         N/A       100%        5


Dungeon Overview and Level Annotations

Branches:
Dungeon (2/15)

Altars:

Annotations:
D:2 Natasha


Innate Abilities, Weirdness & Mutations

A meltable shield of frost defends you. (SH +4)


Message History

The giant cockroach waves its antennae.
The goblin hits you with a +0 dagger. The adder closely misses you.
You miss the adder.
The adder is severely wounded.
You block the goblin's attack. The adder barely misses you.
You hit the goblin. Lightning courses through the goblin!!
You kill the goblin!
You block the adder's attack.
You hit the adder. Lightning courses through the adder!!
You kill the adder!
The endoplasm hits you.
You hit the endoplasm.
The endoplasm is almost dead.
The giant cockroach bites you but does no damage.
The endoplasm hits you.
You hit the endoplasm.
You kill the endoplasm!
The giant cockroach barely misses you.
You hit the giant cockroach but do no damage.
Lightning courses through the giant cockroach!
You kill the giant cockroach!
Natasha barely misses you.
The crimson imp blinks!
Natasha stares at you and mumbles some strange words.
The magic dart hits you.
* * * LOW HITPOINT WARNING * * *
Things that are here:
a giant cockroach corpse; an adder corpse; a worm corpse The crimson imp barely misses you.
Natasha misses you. Natasha claws you.
* * * LOW HITPOINT WARNING * * *
Natasha claws you.
* * * LOW HITPOINT WARNING * * *
Natasha casts a spell at you. You resist with significant effort.
It was a potion of flight.
You feel very buoyant.
You fly up into the air.
You closely miss the crimson imp. The crimson imp hits you.
You die...

#.###..>..........
#.........##.
####...).##
#...#.#
#...#†###.###
######...........
#.....h.......##.
#.####5#..?####
#@#......#
#.#...##.#
.......# #
##.####... #.#
##.# #.# .# #..
...


You could see Natasha (fast) and a crimson imp (summoned).

Vanquished Creatures
  An adder (D:2)
  2 worms (D:2)
  2 dart slugs (D:1)
  A bat (D:1)
  2 endoplasms
  2 giant cockroaches
  4 goblins
  7 hobgoblins
  2 quokkas
  2 ball pythons (D:2)
  2 kobolds
  3 rats (D:1)
30 creatures vanquished.

Notes
Turn   | Place    | Note
-------+----------+-------------------------------------------
     0 | D:1      | Snicker the Demonspawn Brigand began the quest for the Orb.
     0 | D:1      | Reached XP level 1. HP: 16/16 MP: 1/1
   202 | D:1      | Reached skill level 4 in Stealth
   202 | D:1      | Gained mutation: A meltable shield of frost defends you.
                  | (SH +4) [demonic ancestry]
   202 | D:1      | Reached XP level 2. HP: 22/22 MP: 2/2
   512 | D:1      | Reached skill level 1 in Dodging
  1079 | D:2      | Reached XP level 3. HP: 27/27 MP: 3/3
  1205 | D:2      | Noticed Natasha
  1220 | D:2      | HP: 1/27 [Natasha (1)]
  1224 | D:2      | Slain by a crimson imp

Illustrated notes

Levels and vault maps discovered:
D:1:      dpeg_arrival_shelter, layout_basic
D:2:      layout_loops_ring, minmay_misc_feat_tiny,
          minmay_randomly_rotated_circles, uniq_robin, uniq_natasha

Skill      XL: |  1  2 |
---------------+-------+-----
Stealth        | 4 |  4.7
Dodging        | 1 |  1.2
Short Blades   | 2 |  2.1
Fighting       | |  2.1
Throwing       | |  1.7

Action                   || total
-------------------------++-------
Melee: Dagger            ||    88
  Use: Potion            ||     1
 Stab: Sleeping          ||     4
Armor: Robe              ||    16
Dodge: Dodged            ||    40
Block: Other             ||    13

Table legend: (Time is in decaauts)
 A = Elapsed time spent in this place.
 B = Non-inter-level travel time spent in this place.
 C = Inter-level travel time spent in this place.
 D = Time resting spent in this place.
 E = Time spent auto-exploring this place.
 F = Levels seen in this place.
 G = Mean time per level.
                   A        B        C        D        E       F      G
               +--------+--------+--------+--------+--------+-----+--------+
         Total |   1214 |   1168 |     46 |      0 |    928 |   2 |  607.0 |
       Dungeon |   1214 |   1168 |     46 |      0 |    928 |   2 |  607.0 |
               +--------+--------+--------+--------+--------+-----+--------+

Top non-repeatable levels by time:
     D:1: 979 daAuts
     D:2: 234 daAuts
